 Dungeon Crawl Stone Soup version 0.27-a0-25-g087482e4d5 (webtiles) character file.

Game seed: 17197211137892463127

226 DocSulfur the Ruffian (level 5, 0/40 HPs)
             Began as a Draconian Transmuter on Jan 3, 2021.
             Slain by an orc wizard
             ... wielding a +0 dagger
              (4 damage)
             ... on level 3 of the Dungeon.
             The game lasted 00:09:23 (2986 turns).

DocSulfur the Ruffian (Draconian Transmuter)        Turns: 2986, Time: 00:09:24

Health: 0/40       AC:  5    Str: 13    XL:     5   Next: 69%
Magic:  9/9        EV: 12    Int: 14    God:
Gold:   163        SH:  0    Dex: 11    Spells: 7/10 levels left

rFire    . . .     SeeInvis .     - Unarmed
rCold    . . .     Faith    .   (no shield)
rNeg     . . .     Spirit   .   (armour unavailable)
rPois    .         Reflect  .   (helmet restricted)
rElec    .         Harm     .   m - scarf {+Inv}
rCorr    .         Rampage  .   (no gloves)
Will     .....                  (no boots)
Stlth    +.........             (no amulet)
HPRegen  0.13/turn              (no ring)
MPRegen  0.11/turn              (no ring)

@: no status effects
A: unfitting armour, cold-blooded, AC +5
a: Evoke Invisibility


You were on level 3 of the Dungeon.
You visited 1 branch of the dungeon, and saw 4 of its levels.

You collected 163 gold pieces.

Inventory:

Missiles
 e - 5 poisoned darts
Armour
 m - a scarf of invisibility (worn)
Jewellery
 l - an uncursed ring of fire {unknown}
Scrolls
 c - 3 scrolls of identify {unknown}
 f - a scroll of enchant weapon {unknown}
 g - 3 scrolls of teleportation {unknown}
 h - a scroll of amnesia {unknown}
 k - a scroll of remove curse {unknown}
Potions
 a - 2 potions of curing {unknown}
 b - a potion of flight {unknown}
 d - a potion of attraction {unknown}
 i - a potion of cancellation {unknown}
 j - a potion of might {unknown}


   Skills:
 - Level 1.1 Fighting
 - Level 1.7 Dodging
 * Level 4.6 Unarmed Combat
 + Level 3.0 Spellcasting
 * Level 4.1 Transmutations


You had 7 spell levels left.
You knew the following spells:

 Your Spells              Type           Power        Failure   Level
a - Beastly Appendage     Tmut           26%          4%          1
b - Wereblood             Tmut           13%          6%          2

Your spell library contained the following spells:

 Spells                   Type           Power        Failure   Level
 Spider Form              Tmut/Pois      3%           28%         3
 Ice Form                 Ice/Tmut       7%           67%         4
 Blade Hands              Tmut           6%           73%         5


Dungeon Overview and Level Annotations

Branches:
Dungeon (4/15)
 Temple: D:4-7

Altars:
Dithmenos
Kikubaaqudgha
Sif Muna
Yredelemnul
Zin


Innate Abilities, Weirdness & Mutations

Your plain brown scales are hard. (AC +5)
You cannot fit into any form of body armour.
You are cold-blooded and may be slowed by cold attacks.


Message History

The puff of frost hits you but does no damage.
Something hits you but does no damage.
Your horns disappear.
Your talons disappear.
There is a stone staircase leading up here.
Something hits you but does no damage.
You hear some strange, mumbled words.
A magic dart appears from out of thin air!
The magic dart hits you.
* * * LOW HITPOINT WARNING * * *
You climb upwards.
Reactivating autopickup.
There is a stone staircase leading down here.
Deactivating autopickup; reactivate with Ctrl-A.
You hit something. You tail-slap something. Something hits you.
* * * LOW HITPOINT WARNING * * *
Something barely misses you.
An orc wizard appears from thin air!
Reactivating autopickup.
The orc wizard hits you with a +0 dagger.
You die...

#....#..#######..#####.##.#.#
###....#..###......<.....##.#.#
.##....#....#.##########.##.#.###
.##....#..............##.##.#....
.+.................>#.##.#..#####
.##.........#.#####.#.##.#.##
............#.#####.#.##.#.######
####................#.##.#.......
...#.......<....@o..#.##.########
##.#................#.##.....#
##.#......#'#+#####.#.######.#
##.#.#'####.#.......#......#.#
##.#.#......###>.........#.#.#
##.#.#####..# #............#.#
##.#.#......# #..........###.#
##.#.#.####(###..........# #.#
##.#.#........รท..........# #.#


You could see an orc wizard (fast).

Vanquished Creatures
  3 vampire bats (D:2)
  3 adders (D:2)
  2 worms
  A dart slug (D:2)
  2 leopard geckos
  3 orcs (D:4)
  4 bat skeletons (D:2)
  2 bat zombies (D:2)
  3 giant cockroaches
  6 goblins
  5 hobgoblins
  3 jackals (D:2)
  2 quokkas
  3 ball pythons
  6 bats
  7 frilled lizards
  10 kobolds
  5 rats
70 creatures vanquished.

Notes
Turn   | Place    | Note
-------+----------+-------------------------------------------
     0 | D:1      | DocSulfur the Draconian Transmuter began the quest for the
                  | Orb.
     0 | D:1      | Reached XP level 1. HP: 16/16 MP: 3/3
   216 | D:1      | Reached XP level 2. HP: 21/23 MP: 3/5
   261 | D:1      | Learned a level 2 spell: Wereblood
   781 | D:2      | Reached XP level 3. HP: 22/28 MP: 2/6
   793 | D:2      | Found a glowing silver altar of Zin.
  1488 | D:2      | Reached XP level 4. HP: 31/35 MP: 5/7
  1604 | D:2      | Found an ancient bone altar of Kikubaaqudgha.
  1618 | D:2      | Reached XP level 5. HP: 35/40 MP: 4/9
  2320 | D:3      | Found a basalt altar of Yredelemnul.
  2335 | D:3      | Found a shadowy altar of Dithmenos.
  2684 | D:3      | Found a shimmering blue altar of Sif Muna.
  2986 | D:3      | Slain by an orc wizard

Illustrated notes

Levels and vault maps discovered:
D:1:      minmay_arrival_jagged, layout_rooms, chequers_jeans,
          minmay_misc_feat_alley, minmay_misc_feat_doors
D:2:      kennysheep_big_flooded_room, layout_loops_ring,
          kennysheep_vampire_church, overflow_temple_1_default
D:3:      layout_basic, minitemple, general_overflow_altar
D:4:      layout_loops_ring, gup_sewer_entry_pipe, minmay_strange_pillars

Skill      XL: |  1  2  3  4  5 |
---------------+----------------+-----
Transmutations | 3 4 |  4.1
Unarmed Combat | 4 |  4.6
Spellcasting   | 3 |  3.0
Fighting       | |  1.1
Dodging        | |  1.7

Action                   |  1- 3 |  4- 6 || total
-------------------------+-------+-------++-------
Melee: Unarmed           |   116 |    62 ||   178
       Kick              |     6 |    10 ||    16
       Headbutt          |    11 |     8 ||    19
       Tailslap          |     4 |     3 ||     7
       Punch             |       |     4 ||     4
 Cast: Beastly Appendage |    19 |    12 ||    31
       Wereblood         |     7 |     1 ||     8
 Stab: Sleeping          |       |     1 ||     1
Armor: Skin              |    36 |    49 ||    85
Dodge: Dodged            |    82 |    71 ||   153

Table legend: (Time is in decaauts)
 A = Elapsed time spent in this place.
 B = Non-inter-level travel time spent in this place.
 C = Inter-level travel time spent in this place.
 D = Time resting spent in this place.
 E = Time spent auto-exploring this place.
 F = Levels seen in this place.
 G = Mean time per level.
                   A        B        C        D        E       F      G
               +--------+--------+--------+--------+--------+-----+--------+
         Total |   2972 |   2942 |     30 |      0 |   2251 |   4 |  743.0 |
       Dungeon |   2972 |   2942 |     30 |      0 |   2251 |   4 |  743.0 |
               +--------+--------+--------+--------+--------+-----+--------+

Top non-repeatable levels by time:
     D:2: 1446 daAuts
     D:3: 749 daAuts
     D:1: 745 daAuts
     D:4: 30 daAuts
